 Dungeon Crawl Stone Soup version 0.26.1-2-gb8aa6d0cf2 (webtiles) character file.

Game seed: 6113130941279111498

2568 dohliylev the Cleaver (level 9, -2/117 HPs)
             Began as a Minotaur Berserker on Mar 24, 2021.
             Was a High Priest of Trog.
             Killed by divine providence
             ... invoked by an orc priest
              (10 damage)
             ... on level 6 of the Dungeon.
             The game lasted 00:11:45 (5294 turns).

dohliylev the Cleaver (Minotaur Berserker)          Turns: 5294, Time: 00:11:46

Health: -2/117     AC:  5    Str: 25    XL:     9   Next: 31%
Magic:  8/8        EV:  9    Int:  6    God:    Trog [*****.]
Gold:   445        SH: 16    Dex:  7    Spells: 8/8 levels left

rFire    . . .     SeeInvis .   a - +0 hand axe
rCold    . . .     Faith    .   d - +0 tower shield
rNeg     . . .     Spirit   .   v - +3 robe of the Little Devil {Regen+ Int+2 Dex-3 Slay+3}
rPois    +         Reflect  .   (helmet restricted)
rElec    .         Harm     .   (no cloak)
rCorr    .         Rampage  .   (no gloves)
Will     .....                  (no boots)
Stlth    ..........             (no amulet)
HPRegen  0.69/turn              i - ring of poison resistance
MPRegen  0.11/turn              p - ring of flight

@: berserking (expiring), very quick
A: retaliatory headbutt, horns 2
a: Renounce Religion, Evoke Flight, Berserk, Trog's Hand, Brothers in Arms


You were on level 6 of the Dungeon.
You worshipped Trog.
Trog was extremely pleased with you.
You visited 1 branch of the dungeon, and saw 6 of its levels.

You collected 445 gold pieces.

Inventory:

Hand Weapons
 a - a +0 hand axe (weapon)
Armour
 d - a +0 tower shield (worn)
 v - the +3 robe of the Little Devil (worn) {Regen+ Int+2 Dex-3 Slay+3}
   (You found it on level 5 of the Dungeon)

   It affects your intelligence (+2).
   It affects your dexterity (-3).
   It affects your accuracy and damage with ranged weapons and melee attacks
   (+3).
   It increases your rate of regeneration.
Jewellery
 i - a ring of poison resistance (left hand)
 p - a ring of flight (right hand)
Wands
 g - a wand of polymorph (9)
 y - a wand of paralysis (9)
Scrolls
 b - 3 scrolls of remove curse
 c - 3 scrolls of teleportation
 h - a scroll of noise {unknown}
 j - a scroll of magic mapping
 k - 3 scrolls of identify {unknown}
 o - a scroll of fear
 q - a scroll of random uselessness {unknown}
 t - a scroll of enchant armour {unknown}
 x - a scroll of enchant weapon {unknown}
Potions
 e - 4 potions of curing {unknown}
 f - 4 potions of heal wounds
 l - 2 potions of ambrosia {unknown}
 m - 3 potions of haste {unknown}
 n - 2 potions of flight {unknown}
 r - a potion of degeneration {unknown}
 s - a potion of mutation {unknown}
 u - a potion of attraction {unknown}
 w - a potion of magic {unknown}


   Skills:
 + Level 6.6 Fighting
 + Level 10.3 Axes
 - Level 5.6 Armour
 + Level 4.4 Dodging
 + Level 7.6 Shields


You had 8 spell levels left.
You didn't know any spells.
Your spell library was empty.

Dungeon Overview and Level Annotations

Branches:
Dungeon (6/15)             Temple (0/1) D:6

Altars:
Cheibriados
Dithmenos
Gozag
Nemelex Xobeh
Qazlal
Ru
Sif Muna
Beogh

Annotations:
D:6 Jaiteiro's ghost, novice GnTm


Innate Abilities, Weirdness & Mutations

You reflexively headbutt those who attack you in melee.
You have a pair of horns on your head.


Message History

Jaiteiro's ghost is heavily damaged.
You block the orc warrior's attack.
You hit Jaiteiro's ghost. You headbutt Jaiteiro's ghost.
Jaiteiro's ghost is heavily damaged.
Jaiteiro's ghost keens inconsolably.
You block Jaiteiro's ghost's attack. You block the orc warrior's attack.
You barely miss Jaiteiro's ghost.
Jaiteiro's ghost is heavily damaged.
You block Jaiteiro's ghost's attack.
You closely miss Jaiteiro's ghost.
Jaiteiro's ghost is heavily damaged.
You block the orc warrior's attack.
You barely miss Jaiteiro's ghost.
Jaiteiro's ghost is heavily damaged.
Jaiteiro's ghost completely misses you.
You miss Jaiteiro's ghost.
Jaiteiro's ghost is heavily damaged.
The orc priest mumbles some strange prayers to Beogh against you.
Beogh smites you!
You die...

#.............#.........
#.#8#..8..#8#.#...######
#.###.....###.#..##
#....#####....#.########
#.............#.........
#######oo'######.........
#8..(.oooo.....8.........
########W#######.........
#@# #......... #.#
#.#######.
#.#######.####....
#.........#....###
##.......(..#####
###..............##
#........#.##......
#........#.#.......
#..................


You could see an orc warrior, 2 orc priests, Jaiteiro's ghost and 2 orcs.

Vanquished Creatures
  Pikel (D:5)
  Grinder (D:5)
  Sigmund (D:3)
  Menkaure (D:4)
  2 phantoms
  2 ice beasts (D:6)
  2 ogres
  Blork the orc (D:4)
  A bullfrog (D:6)
  3 scorpions
  A howler monkey (D:6)
  3 orc priests
  A hound (D:4)
  2 jellies (D:6)
  A centaur skeleton (D:5)
  Terence (D:3)
  4 iguanas
  2 orc wizards (D:3)
  6 worker ants
  A mummy (D:5)
  A worker ant zombie (D:5)
  Robin (D:2)
  4 adders
  A white imp (D:4)
  2 oozes
  3 worms
  3 dart slugs
  7 leopard geckos
  22 orcs
  8 giant cockroaches
  8 hobgoblins
  15 jackals
  12 kobolds
  2 quokkas
  2 ball pythons
  5 bats
  8 frilled lizards
  20 goblins
  A quokka zombie (D:6)
  10 rats
172 creatures vanquished.

Vanquished Creatures (others)
  A plant (D:1)
1 creature vanquished.

Grand Total: 173 creatures vanquished

Notes
Turn   | Place    | Note
-------+----------+-------------------------------------------
     0 | D:1      | dohliylev the Minotaur Berserker began the quest for the
                  | Orb.
     0 | D:1      | Reached XP level 1. HP: 19/19 MP: 0/0
   133 | D:1      | Reached XP level 2. HP: 27/27 MP: 1/1
   134 | D:1      | Reached skill level 4 in Axes
   287 | D:1      | You fall into a shaft and drop 1 floor!
   342 | D:2      | Reached ** piety under Trog
   343 | D:2      | Reached XP level 3. HP: 32/33 MP: 2/2
   608 | D:1      | Reached skill level 5 in Axes
   699 | D:1      | Reached XP level 4. HP: 41/41 MP: 3/3
   930 | D:2      | Reached *** piety under Trog
   931 | D:2      | Reached skill level 1 in Shields
   933 | D:2      | Noticed Robin
   948 | D:2      | Killed Robin
  1257 | D:2      | Found an opulent altar of Gozag.
  1462 | D:3      | Noticed Sigmund
  1477 | D:3      | Killed Sigmund
  1478 | D:3      | Reached skill level 6 in Axes
  1478 | D:3      | Reached XP level 5. HP: 47/47 MP: 4/4
  1478 | D:3      | Reached XP level 6. HP: 53/53 MP: 5/5
  1484 | D:3      | You fall into a shaft and drop 3 floors!
  1656 | D:5      | Entered Level 5 of the Dungeon
  1675 | D:5      | Reached **** piety under Trog
  2378 | D:4      | Reached skill level 5 in Fighting
  2378 | D:4      | Reached XP level 7. HP: 59/61 MP: 6/6
  2450 | D:4      | Found a sparkling altar of Nemelex Xobeh.
  2453 | D:4      | Found a sacrificial altar of Ru.
  2455 | D:4      | Found a shadowy altar of Dithmenos.
  2463 | D:4      | Reached skill level 7 in Axes
  2485 | D:4      | Noticed Blork the orc
  2492 | D:4      | Killed Blork the orc
  2648 | D:3      | Found a faded altar of an unknown god.
  2711 | D:3      | Noticed Terence
  2718 | D:3      | Reached skill level 5 in Shields
  2723 | D:3      | Killed Terence
  2854 | D:3      | Reached ***** piety under Trog
  3328 | D:4      | Noticed Menkaure
  3336 | D:4      | Killed Menkaure
  3337 | D:4      | Reached XP level 8. HP: 56/69 MP: 7/7
  3706 | D:5      | Noticed Pikel
  3713 | D:5      | Killed Pikel
  3714 | D:5      | Reached skill level 8 in Axes
  3714 | D:5      | Reached skill level 5 in Armour
  3716 | D:5      | Found a stormy altar of Qazlal.
  3824 | D:5      | Got a wizard robe
  3835 | D:5      | Identified the +3 robe of the Little Devil {Regen+ Int+2
                  | Dex-3 Slay+3} (You found it on level 5 of the Dungeon)
  4105 | D:5      | Found a snail-covered altar of Cheibriados.
  4158 | D:5      | Noticed Grinder
  4171 | D:5      | Killed Grinder
  4172 | D:5      | Reached skill level 9 in Axes
  4527 | D:6      | Reached XP level 9. HP: 75/75 MP: 8/8
  4554 | D:6      | Reached skill level 10 in Axes
  4682 | D:6      | Found a staircase to the Ecumenical Temple.
  4762 | D:6      | Found a runed translucent gate.
  4762 | D:6      | Noticed Jaiteiro's ghost (novice GnTm)
  4776 | D:6      | Found a runed translucent gate.
  4776 | D:6      | Found a runed translucent gate.
  4783 | D:6      | Found a roughly hewn altar of Beogh.
  5161 | D:6      | Found a shimmering blue altar of Sif Muna.
  5288 | D:6      | HP: 5/117 [Jaiteiro's ghost (10)]
  5294 | D:6      | Killed from afar by an orc priest

Illustrated notes

Levels and vault maps discovered:
D:1:      dpeg_arrival_rooms_c, layout_rooms, serial_bayou_pond_e,
          minmay_pentomino_x2
D:2:      layout_rooms, nicolae_gozag_cash_rules_everything_around_me,
          uniq_robin
D:3:      layout_basic, chequers_ecumenical_altar_simple, uniq_sigmund,
          uniq_terence
D:4:      layout_basic, grunt_temple_overflow_open, uniq_menkaure,
          uniq_blork_the_orc
D:5:      layout_cave_pods, slow_altar_1, grunt_qazlal_clouds, uniq_pikel,
          uniq_grinder
D:6:      layout_rooms, tgw_sif, minmay_temple_entry_large_hall,
          biasface_ghost_orc_armoury, chequers_serial_rivers_marsh

Skill      XL: |  1  2  3  4  5  6  7  8  9 |
---------------+----------------------------+-----
Axes           | 4 5 6 7 9 10 | 10.3
Fighting       | 4 5 6 |  6.6
Shields        | 3 4 5 6 7 |  7.6
Armour         | 3 4 5 |  5.6
Dodging        | 3 4 |  4.4

Action                   |  1- 3 |  4- 6 |  7- 9 || total
-------------------------+-------+-------+-------++-------
Melee: Hand axe          |    91 |   125 |   218 ||   434
       Headbutt          |    18 |    17 |    42 ||    77
Invok: Berserk           |     1 |     5 |     8 ||    14
       Trog's Hand       |       |       |     3 ||     3
  Use: Scroll            |       |       |     4 ||     4
Armor: Chain mail        |    61 |    46 |    35 ||   142
       Robe              |       |       |     9 ||     9
Dodge: Dodged            |    15 |    13 |    43 ||    71
Block: Tower shield      |    54 |    75 |   157 ||   286
